 Dungeon Crawl Stone Soup version 0.27-a0-906-g0a00ce863d (webtiles) character file.

Game seed: 10613943972957544038

99 Alarkh the Insei (level 4, -2/35 HPs)
             Began as a Demonspawn Gladiator on Apr 6, 2021.
             Slain by a water moccasin skeleton (7 damage)
             ... on level 4 of the Dungeon.
             The game lasted 00:01:24 (1788 turns).

Alarkh the Insei (Demonspawn Gladiator)             Turns: 1788, Time: 00:01:24

Health: -2/35      AC:  4    Str: 14    XL:     4   Next: 45%
Magic:  4/4        EV: 12    Int: 11    God:
Gold:   30         SH:  0    Dex: 14    Spells: 3/3 levels left

rFire    . . .     SeeInvis .     - Unarmed
rCold    . . .     Faith    .   (no shield)
rNeg     . . .     Spirit   .   a - +0 leather armour
rPois    .         Reflect  .   b - +0 helmet
rElec    .         Harm     .   (no cloak)
rCorr    .         Rampage  .   (no gloves)
Will     .....                  (no boots)
Stlth    +.........             (no amulet)
HPRegen  0.11/turn              (no ring)
MPRegen  0.09/turn              (no ring)

@: no status effects
A: claws 1
a: no special abilities


You were on level 4 of the Dungeon.
You visited 1 branch of the dungeon, and saw 3 of its levels.

You collected 30 gold pieces.

Inventory:

Missiles
 c - 3 throwing nets (quivered)
Armour
 a - a +0 leather armour (worn)
 b - a +0 helmet (worn)
Scrolls
 e - a scroll of fear {unknown}
 f - a scroll of immolation {unknown}
 g - 7 scrolls of identify {unknown}
 i - a scroll of blinking {unknown}
 j - 3 scrolls of teleportation {unknown}


   Skills:
 + Level 3.1 Fighting
 - Level 1.7 Throwing
 - Level 2.6 Dodging
 * Level 4.2 Unarmed Combat


You had 3 spell levels left.
You didn't know any spells.
Your spell library was empty.

Dungeon Overview and Level Annotations

Branches:
Dungeon (2/15)

Altars:


Innate Abilities, Weirdness & Mutations

You have sharp fingernails.


Message History

An orc comes into view. It is wielding a +0 hand axe.
The orc shouts!
You claw the hobgoblin!
You kill the hobgoblin!
You claw the hobgoblin!
You kill the hobgoblin!
You scratch the ball python.
The ball python is moderately wounded.
The ball python bites you but does no damage.
The ball python closely misses you.
You closely miss the ball python.
The ball python is moderately wounded.
The ball python bites you but does no damage.
The ball python grabs you. The ball python constricts you.
You scratch the ball python.
You kill the ball python!
You claw the orc!
You kill the orc!
The orc barely misses you.
Items here: $ ))) [[ ††††.
You completely miss the orc. The orc hits you with a +0 hand axe.
* * * LOW HITPOINT WARNING * * *
You claw the orc!
You kill the orc!
You start resting.
A water moccasin skeleton comes into view.
The water moccasin skeleton bites you.
* * * LOW HITPOINT WARNING * * *
You scratch the water moccasin skeleton.
The water moccasin skeleton is lightly damaged.
The water moccasin skeleton bites you.
* * * LOW HITPOINT WARNING * * *
You scratch the water moccasin skeleton.
The water moccasin skeleton is moderately damaged.
The water moccasin skeleton bites you.
* * * LOW HITPOINT WARNING * * *
You claw the water moccasin skeleton!
The water moccasin skeleton is heavily damaged.
The water moccasin skeleton bites you!
You die...

#.# ###### .. .....##.# #....
.. #.... #.## #...[ #..#
###....###.###################.
......†......)@Z...........))..
#####.####.#######......#######
.. #.## #......# ## #..#
#......# ##.## #(.....# #..#
#......# ##.## #####.## #..#
#.# ##.## #.#


You could see a water moccasin skeleton.

Vanquished Creatures
  4 adders (D:4)
  2 dart slugs
  4 orcs (D:4)
  3 bats
  8 endoplasms
  2 giant cockroaches
  5 goblins
  6 hobgoblins
  6 jackals
  3 kobolds (D:1)
  A quokka (D:2)
  3 ball pythons
  A frilled lizard (D:1)
  2 rats
50 creatures vanquished.

Notes
Turn   | Place    | Note
-------+----------+-------------------------------------------
     0 | D:1      | Alarkh the Demonspawn Gladiator began the quest for the
                  | Orb.
     0 | D:1      | Reached XP level 1. HP: 16/16 MP: 1/1
   228 | D:1      | Reached skill level 3 in Unarmed Combat
   238 | D:1      | Gained mutation: You have sharp fingernails. [demonic
                  | ancestry]
   238 | D:1      | Reached XP level 2. HP: 10/22 MP: 2/2
   984 | D:1      | Reached XP level 3. HP: 26/28 MP: 3/3
  1534 | D:2      | You fall into a shaft and drop 2 floors!
  1542 | D:4      | Reached skill level 4 in Unarmed Combat
  1542 | D:4      | Reached XP level 4. HP: 34/34 MP: 4/4
  1651 | D:4      | Noticed a scorpion
  1788 | D:4      | Slain by a water moccasin skeleton

Illustrated notes

Levels and vault maps discovered:
D:1:      dpeg_arrival_three_same_balls, layout_basic
D:2:      layout_basic, ebering_ecumenical_altar_hall, basic_altar, uniq_natasha
D:4:      layout_basic, uniq_duvessa

Skill      XL: |  1  2  3  4 |
---------------+-------------+-----
Unarmed Combat | 3 4 |  4.2
Fighting       | 3 |  3.1
Throwing       | |  1.7
Dodging        | |  2.6

Action                   |  1- 3 |  4- 6 || total
-------------------------+-------+-------++-------
Melee: Unarmed           |   112 |    40 ||   152
       Punch             |     2 |       ||     2
  Use: Potion            |     2 |       ||     2
Armor: Leather armour    |    28 |     8 ||    36
       Skin              |     1 |     2 ||     3
Dodge: Dodged            |    75 |     8 ||    83

Table legend: (Time is in decaauts)
 A = Elapsed time spent in this place.
 B = Non-inter-level travel time spent in this place.
 C = Inter-level travel time spent in this place.
 D = Time resting spent in this place.
 E = Time spent auto-exploring this place.
 F = Levels seen in this place.
 G = Mean time per level.
                   A        B        C        D        E       F      G
               +--------+--------+--------+--------+--------+-----+--------+
         Total |   1777 |   1710 |     67 |    418 |   1004 |   3 |  592.3 |
       Dungeon |   1777 |   1710 |     67 |    418 |   1004 |   3 |  592.3 |
               +--------+--------+--------+--------+--------+-----+--------+

Top non-repeatable levels by time:
     D:1: 1303 daAuts
     D:4: 250 daAuts
     D:2: 223 daAuts
